 Dungeon Crawl Stone Soup version 0.31-a0-161-gb58dd9be76 (webtiles) character file.

Game seed: 13083457181676397988

40356 qw the Marksgargoyle (level 14, -1/94 HPs)
             Began as a Gargoyle Hunter on June 12, 2023.
             Was an Elder of Okawaru.
             Slain by a death yak (16 damage)
             ... on level 5 of the Lair of Beasts.
             The game lasted 00:07:10 (13920 turns).

qw the Marksgargoyle (Gargoyle Hunter)             Turns: 13920, Time: 00:07:11

Health: -1/94      AC: 20    Str: 16    XL:     14   Next: 10%
Magic:  19/19      EV: 23    Int: 10    God:    Okawaru [****..]
Gold:   983        SH:  5    Dex: 23    Spells: 13/13 levels left

rFire   . . .        Y - +2 orcbow (flame)
rCold   . . .        (shield currently unavailable)
rNeg    + . .        r - +3 leather armour {Will+}
rPois   inf          t - +0 helmet
rElec   +            j - +0 cloak
rCorr   .            (no gloves)
SInv    +            (no boots)
Will    ++...        i - amulet of reflection
Stlth   +++          b - +6 ring of dexterity
HPRegen 0.35/turn    f - ring of see invisible
MPRegen 0.16/turn

%: reflection
@: about to teleport, heroic, flying
A: sickness immunity, AC +10, big wings, negative energy resistance 1,
electricity resistance, torment resistance 1, petrification resistance, low MP 1
a: Renounce Religion, Heroism, Finesse


You were on level 5 of the Lair of Beasts.
You worshipped Okawaru.
Okawaru was greatly pleased with you.
You visited 2 branches of the dungeon, and saw 15 of its levels.

You collected 1177 gold pieces.
You spent 194 gold pieces at shops.


Innate Abilities, Weirdness & Mutations

You are immune to sickness and miasma.
Your stone body is resilient. (AC +10)
You are immune to poison.
Your large and strong wings let you fly.
You resist negative energy. (rN+)
You are resistant to electric shocks. (rElec)
You are resistant to unholy torment.
You are immune to petrification.
Your magical capacity is low. (-10% MP)


   Skills:
 - Level 13.0(18.0) Fighting
 - Level 16.0(21.0) Ranged Weapons
 - Level 4.2(9.2) Armour
 + Level 8.9(13.9) Dodging
 - Level 1.1(6.1) Stealth
 - Level 10.0 Invocations


You had 13 spell levels left.
You didn't know any spells.
Your spell library was empty.

Inventory:

Hand Weapons
 Y - a +2 orcbow of flaming (weapon)
Armour
 g - a +1 ring mail of fire resistance
 j - a +0 cloak (worn)
 o - the +2 robe of the Gusle {rC+++ rN+ Dex-2}
   (You found it on level 1 of the Lair of Beasts)

   Dex:       It affects your dexterity (-2).
   rC:        It renders you almost immune to cold.
   rN:        It protects you from negative energy.
 r - a +3 leather armour of willpower (worn)
 t - a +0 helmet (worn)
Jewellery
 b - a +6 ring of dexterity (left hand)
 f - a ring of see invisible (right hand)
 i - an amulet of reflection (around neck)
 n - a +4 ring of protection
Wands
 m - a wand of digging (11)
Scrolls
 c - a scroll of identify
 k - 2 scrolls of teleportation
Potions
 a - a potion of magic
 d - 8 potions of attraction
 h - a potion of haste
 q - 3 potions of curing
 s - 2 potions of resistance
 u - a potion of might {unknown}

Dungeon Overview and Level Annotations

Branches:
Dungeon (10/15)            Temple (0/1) D:6            Lair (5/5) D:10
 Shoals (0/4) Lair:3        Snake (0/4) Lair:3        Slime (0/5) Lair:4
    Orc: D:9-12

Altars:
Dithmenos
Elyvilon
Fedhas
Gozag
Hepliaklqana
Kikubaaqudgha
Nemelex Xobeh
Okawaru
Trog
Uskayaw
Xom
Yredelemnul
Zin
The Shining One
Jiyva

Shops:
D:1 ?   D:4 *   D:6 *

Annotations:
D:3 1 runed translucent door, Crazy Yiuf
D:4 exclusion: 2 iron imps
D:8 3 runed translucent doors, qw's ghost, novice MiHu


Message History

The death yak closely misses you. x2
You shoot an arrow. The arrow hits the death yak.
The arrow burns the death yak.
The death yak is lightly wounded.
The death yak completely misses you. The death yak misses you.
The death yak completely misses you. The death yak closely misses you.
You shoot an arrow.
The arrow hits the death yak but does no damage.
The death yak is lightly wounded.
The death yak barely misses you. The death yak gores you!
The death yak misses you.
The death yak gores you but does no damage.
The death yak completely misses you.
You shoot an arrow.
The arrow hits the death yak but does no damage.
The death yak is lightly wounded.
You shoot an arrow. The arrow hits the death yak!
The arrow burns the death yak.
The death yak is heavily wounded.
The death yak closely misses you. The death yak gores you!!
The death yak closely misses you. The death yak completely misses you.
The death yak gores you but does no damage.
13918 ||| READING 3 scrolls of teleportation.
As you read the scroll of teleportation, it crumbles to dust.
You feel strangely unstable. You block the death yak's attack.
The death yak gores you but does no damage.
You block the death yak's attack. The death yak closely misses you.
The death yak gores you!
13919 ||| DRINKING potion of heal wounds.
You feel much better. The death yak gores you.
A deep troll shaman comes into view.
The death yak gores you but does no damage.
The death yak gores you! The death yak closely misses you.
The death yak barely misses you.
You shoot an arrow. The deep troll shaman shouts!
The arrow hits the death yak!!
The arrow burns the death yak!
The death yak is almost dead.
The death yak gores you!
You die...

#. .%.T #. #...# #
#.##.... # #.#.... ##
##..%.. ###. #P...%
###.P% ##..YY###
###.....
#...Y@Y.#######......#
###.Y##..........%..##
### ##..P.......P##
##..7.####### ######


You could see 5 death yaks and a deep troll shaman.

Vanquished Creatures
  2 catoblepae (Lair:3)
  7 hydras
  2 two-headed ogres (D:10)
  7 death yaks (Lair:5)
  A skyshark (Lair:2)
  13 elephants
  2 black mambas
  2 torpor snails
  Joseph (D:7)
  5 cane toads
  3 komodo dragons
  Psyche (D:9)
  2 rime drakes
  A troll (D:10)
  5 polar bears
  2 hornets
  6 dream sheep
  6 blink frogs (Lair:3)
  2 shadows
  7 wyverns
  2 wraiths
  An unseen horror simulacrum (D:8)
  Grum (D:9)
  4 basilisks
  38 yaks
  2 steam dragons (D:7)
  13 water moccasins
  5 orc warriors
  4 ogres
  3 ice beasts
  4 black bears
  20 wolves
  3 centaurs
  3 kobold brigands
  Blork the orc (D:5)
  12 bullfrogs
  2 scorpions
  3 gnoll sergeants
  5 wights (D:9)
  7 killer bees
  2 howler monkeys (D:9)
  7 electric eels
  9 hounds
  8 orc priests
  A jelly (D:8)
  Jessica (D:3)
  2 iguanas (D:4)
  15 orc wizards
  3 sleepcaps
  A centaur simulacrum (D:8)
  13 gnolls
  9 adders
  A shadow imp (D:6)
  5 white imps
  2 ufetubi
  2 worms
  5 dart slugs
  46 orcs
  6 ball pythons
  8 endoplasms
  3 giant cockroaches
  14 hobgoblins
  5 jackals
  5 quokkas
  7 bats
  6 frilled lizards
  8 goblins
  29 kobolds
  6 rats
439 creatures vanquished.

Vanquished Creatures (collateral kills)
  An orc (D:3)
1 creature vanquished.

Vanquished Creatures (others)
  An orc (D:3)
  A bat zombie (D:3)
2 creatures vanquished.

Grand Total: 442 creatures vanquished

Notes
Turn   | Place    | Note
-------+----------+-------------------------------------------
     0 | D:1      | qw the Gargoyle Hunter began the quest for the Orb.
     0 | D:1      | Reached XP level 1. HP: 12/12 MP: 1/1
     0 | D:1      | 0 ||| qw: Version: 0.2-a-29-gc1b59c4
     0 | D:1      | 0 ||| qw: Game counter: 4206
     0 | D:1      | 0 ||| qw: Always use a shield: true
     0 | D:1      | 0 ||| qw: God list: Okawaru
     0 | D:1      | 0 ||| qw: Allow faded altars: false
     0 | D:1      | 0 ||| qw: Do Orc after D:15 true
     0 | D:1      | 0 ||| qw: Do second Lair branch before Depths: true
     0 | D:1      | 0 ||| qw: Lair rune preference: random
     0 | D:1      | 0 ||| qw: Plans: Normal, Zot:1-4, Slime:5, God:TSO, Crypt,
                  | Tomb, Abyss, Pan, Hells, Win
     0 | D:1      | 0 ||| PLANNING D:1-11
     2 | D:1      | Noticed a ghoul
     2 | D:1      | Noticed a troll
     4 | D:1      | Noticed a meteoran
     6 | D:1      | Noticed a human
     6 | D:1      | Noticed a merfolk
     8 | D:1      | Noticed an ogre
    10 | D:1      | Noticed a vampire
    10 | D:1      | Noticed a formicid
    12 | D:1      | Noticed a spriggan
    12 | D:1      | Noticed a demigod
    14 | D:1      | Noticed an armataur
    16 | D:1      | Noticed an octopode
    16 | D:1      | Noticed a naga
    18 | D:1      | Noticed an elf
    18 | D:1      | Noticed a tengu
    20 | D:1      | Noticed a demonspawn
    20 | D:1      | Noticed a felid
    22 | D:1      | Noticed a vine stalker
    22 | D:1      | Noticed a minotaur
    24 | D:1      | Noticed a gargoyle
    24 | D:1      | Noticed a merfolk
    26 | D:1      | Noticed an octopode
    26 | D:1      | Noticed a human
   164 | D:1      | Found Sapnotant's Magic Scroll Shop.
   173 | D:1      | 173 ||| SHOPLISTING scroll of identify (26 gold, have 0).
   245 | D:1      | Reached XP level 2. HP: 17/17 MP: 2/2
   524 | D:1      | Reached XP level 3. HP: 21/21 MP: 3/3
   554 | D:1      | Reached skill level 5 in Ranged Weapons
   781 | D:1      | 781 ||| READING scroll labelled EGOZIFELEI.
   782 | D:1      | 782 ||| DRINKING 2 sedimented inky potions.
   783 | D:1      | 783 ||| DROPPING scroll of butterflies.
  1051 | D:2      | Reached skill level 3 in Fighting
  1061 | D:2      | Found a faded altar of an unknown god.
  1094 | D:2      | Reached XP level 4. HP: 26/28 MP: 4/4
  1624 | D:2      | 1624 ||| UPGRADING to +0 ring mail.
  1634 | D:2      | 1634 ||| DROPPING +0 leather armour.
  1635 | D:2      | 1635 ||| UPGRADING to +0 cloak.
  1640 | D:2      | 1640 ||| UPGRADING to +6 ring of dexterity.
  1641 | D:2      | 1641 ||| UPGRADING to ring of see invisible.
  1642 | D:2      | 1642 ||| READING scroll labelled JENATI ZEPH.
  1643 | D:2      | 1643 ||| READING scroll labelled NYLASHEHYMM.
  1644 | D:2      | 1644 ||| READING scroll labelled NEN UMUEPUZI.
  1645 | D:2      | 1645 ||| READING scroll labelled TOHUGR LERGHIFU.
  1680 | D:3      | Found a shimmering altar of Xom.
  1685 | D:3      | 1685 ||| STAIRDANCE
  1689 | D:2      | Reached skill level 1 in Armour
  1697 | D:2      | Reached XP level 5. HP: 21/32 MP: 5/5
  1746 | D:3      | 1746 ||| STAIRDANCE
  1791 | D:3      | 1791 ||| Stepping ~*~*~tactically~*~*~ (water).
  2051 | D:3      | Noticed Jessica
  2053 | D:3      | Killed Jessica
  2054 | D:3      | Reached skill level 6 in Ranged Weapons
  2169 | D:3      | Found a runed translucent door.
  2170 | D:3      | Noticed Crazy Yiuf
  2288 | D:3      | 2288 ||| READING scroll labelled ZIYMUO ROHYT.
  2635 | D:3      | 2635 ||| UPGRADING to +1 leather armour of fire resistance.
  2645 | D:3      | 2645 ||| DROPPING +0 ring mail.
  2683 | D:4      | 2683 ||| PLANNING OSSUARY
  2716 | D:4      | Found an opulent altar of Gozag.
  2729 | D:4      | 2729 ||| DRINKING 2 glowing black potions.
  2734 | D:4      | Found Gozag's Platinum Reserve.
  2746 | D:4      | Reached XP level 6. HP: 34/38 MP: 6/6
  2762 | D:4      | 2762 ||| SHOPLISTING +0 robe of Painted Mirth {rCorr MP+9
                  | Str+5 Int-4} (3430 gold, have 151).
  2762 | D:4      | 2762 ||| SHOPLISTING amulet of Oriak {RegenMP rPois rF+
                  | Will+} (5380 gold, have 151).
  2762 | D:4      | 2762 ||| SHOPLISTING ring of Joeroerph {rF+ Int+3} (3830
                  | gold, have 151).
  2765 | D:4      | 2765 ||| DROPPING potion of enlightenment.
  2814 | D:4      | 2814 ||| FLEEEEING.
  2815 | D:4      | 2815 ||| FLEEEEING.
  2816 | D:4      | 2816 ||| FLEEEEING.
  2817 | D:4      | 2817 ||| FLEEEEING.
  2818 | D:4      | 2818 ||| FLEEEEING.
  2819 | D:4      | 2819 ||| FLEEEEING.
  2820 | D:4      | 2820 ||| FLEEEEING.
  2964 | D:4      | 2964 ||| STAIRDANCE
  3137 | D:4      | Paralysed by a kobold for 3 turns
  3175 | D:4      | Found an iron altar of Okawaru.
  3197 | D:4      | Identified the +1 spear "Giantslayer" {heavy, rC+ Stlth+}
  3204 | D:4      | 3204 ||| READING scroll of enchant weapon.
  3204 | D:4      | 3204 ||| ENCHANTING +1 shortbow of chaos.
  3317 | D:4      | 3317 ||| RIP OSSUARY
  3321 | D:4      | 3321 ||| PLANNING OKAWARU WORSHIP
  3324 | D:4      | Reached skill level 7 in Ranged Weapons
  3324 | D:4      | Reached XP level 7. HP: 43/43 MP: 7/7
  3324 | D:4      | 3324 ||| UPGRADING to +1 ring mail of fire resistance.
  3334 | D:4      | 3334 ||| DROPPING +1 leather armour of fire resistance.
  3335 | D:4      | 3335 ||| READING scroll labelled TAYVEHUGRE.
  3335 | D:4      | Found a blossoming altar of Fedhas.
  3369 | D:4      | Became a worshipper of Warmaster Okawaru
  3369 | D:4      | 3369 ||| PLANNING D:1-11
  3510 | D:5      | Entered Level 5 of the Dungeon
  3517 | D:5      | 3517 ||| STAIRDANCE
  3553 | D:5      | 3553 ||| STAIRDANCE
  3647 | D:5      | Found a hazy altar of Hepliaklqana.
  3690 | D:5      | Reached skill level 8 in Ranged Weapons
  3730 | D:5      | 3730 ||| Stepping ~*~*~tactically~*~*~ (outnumbered).
  3849 | D:5      | Reached * piety under Okawaru
  3878 | D:5      | Noticed Blork the orc
  3879 | D:5      | 3879 ||| INVOKING Heroism.
  3886 | D:5      | Reached XP level 8. HP: 40/49 MP: 5/8
  3891 | D:5      | 3891 ||| INVOKING Heroism.
  3893 | D:5      | Killed Blork the orc
  3897 | D:5      | Reached skill level 1 in Invocations
  4082 | D:5      | 4082 ||| INVOKING Heroism.
  4102 | D:5      | 4102 ||| READING scroll labelled VUSICOTWANABB.
  4105 | D:5      | 4105 ||| READING scroll labelled GEUNUE ERAH.
  4106 | D:5      | 4106 ||| READING 3 scrolls of identify.
  4106 | D:5      | 4106 ||| IDENTIFYING fizzy coppery potion
  4107 | D:5      | 4107 ||| READING 2 scrolls of identify.
  4107 | D:5      | 4107 ||| IDENTIFYING fizzy ruby potion
  4108 | D:5      | 4108 ||| DROPPING potion of degeneration.
  4111 | D:6      | Noticed a shadow
  4118 | D:6      | Killed a shadow
  4119 | D:6      | Reached skill level 9 in Ranged Weapons
  4119 | D:6      | Reached skill level 3 in Invocations
  4172 | D:6      | Found a basalt altar of Yredelemnul.
  4241 | D:6      | Reached ** piety under Okawaru
  4242 | D:6      | Reached skill level 6 in Fighting
  4263 | D:6      | 4263 ||| INVOKING Heroism.
  4312 | D:6      | Reached XP level 9. HP: 55/55 MP: 12/12
  4319 | D:6      | Reached skill level 3 in Dodging
  4352 | D:6      | Found Ypet's General Store.
  4366 | D:6      | 4366 ||| BUYING +2 robe of willpower (194 gold).
  4366 | D:6      | Bought a +2 robe of willpower for 194 gold pieces
  4408 | D:6      | 4408 ||| Stepping ~*~*~tactically~*~*~ (outnumbered).
  4410 | D:6      | 4410 ||| Stepping ~*~*~tactically~*~*~ (outnumbered).
  4412 | D:6      | 4412 ||| Stepping ~*~*~tactically~*~*~ (outnumbered).
  4451 | D:6      | Found a glowing golden altar of the Shining One.
  4456 | D:6      | Found an ancient bone altar of Kikubaaqudgha.
  4541 | D:6      | Found a staircase to the Ecumenical Temple.
  4659 | D:6      | 4659 ||| UPGRADING to amulet of reflection.
  4733 | D:7      | 4733 ||| INVOKING Heroism.
  4738 | D:7      | Reached skill level 10 in Ranged Weapons
  4771 | D:7      | 4771 ||| INVOKING Heroism.
  4772 | D:7      | 4772 ||| Stepping ~*~*~tactically~*~*~ (outnumbered).
  4790 | D:7      | 4790 ||| Stepping ~*~*~tactically~*~*~ (outnumbered).
  4792 | D:7      | 4792 ||| Stepping ~*~*~tactically~*~*~ (outnumbered).
  4794 | D:7      | 4794 ||| Stepping ~*~*~tactically~*~*~ (outnumbered).
  4795 | D:7      | 4795 ||| INVOKING Heroism.
  4819 | D:7      | 4819 ||| SWAPPING to +2 orcbow of flaming.
  4820 | D:7      | 4820 ||| DROPPING +0 sling.
  4821 | D:7      | 4821 ||| DROPPING +2 shortbow of chaos.
  4855 | D:7      | Found a bloodstained altar of Trog.
  4855 | D:7      | Found a sparkling altar of Nemelex Xobeh.
  4890 | D:7      | 4890 ||| INVOKING Heroism.
  4932 | D:7      | 4932 ||| INVOKING Heroism.
  4960 | D:7      | Found a white marble altar of Elyvilon.
  4992 | D:7      | Noticed Joseph
  4993 | D:7      | 4993 ||| Stepping ~*~*~tactically~*~*~ (outnumbered).
  5002 | D:7      | Killed Joseph
  5003 | D:7      | Reached skill level 11 in Ranged Weapons
  5004 | D:7      | Reached skill level 3 in Armour
  5148 | D:7      | 5148 ||| INVOKING Heroism.
  5314 | D:7      | Found a glowing silver altar of Zin.
  5362 | D:7      | 5362 ||| DROPPING +4 ring of slaying {mikee}.
  5383 | D:8      | 5383 ||| STAIRDANCE
  5387 | D:7      | Reached XP level 10. HP: 56/63 MP: 13/13
  5420 | D:8      | 5420 ||| INVOKING Heroism.
  5482 | D:8      | 5482 ||| INVOKING Heroism.
  5487 | D:8      | 5487 ||| Stepping ~*~*~tactically~*~*~ (outnumbered).
  5607 | D:8      | 5607 ||| INVOKING Heroism.
  5791 | D:8      | Found a runed translucent gate.
  5791 | D:8      | Found a runed translucent gate.
  5793 | D:8      | Found a runed translucent gate.
  5794 | D:8      | Noticed qw's ghost (novice MiHu)
  5794 | D:8      | Noticed a nine-headed hydra
  5795 | D:8      | Noticed an 11-headed hydra
  5967 | D:8      | 5967 ||| INVOKING Heroism.
  5974 | D:8      | 5974 ||| Stepping ~*~*~tactically~*~*~ (outnumbered).
  5987 | D:8      | 5987 ||| Stepping ~*~*~tactically~*~*~ (outnumbered).
  5991 | D:8      | 5991 ||| Stepping ~*~*~tactically~*~*~ (outnumbered).
  6300 | D:8      | 6300 ||| READING scroll labelled SYNWOM SOAT.
  6301 | D:8      | 6301 ||| READING scroll labelled CAVALE PUNTAI.
  6302 | D:8      | 6302 ||| DRINKING 2 amethyst potions.
  6302 | D:8      | Gained mutation: Potions are less effective at restoring
                  | your health. [potion of mutation]
  6302 | D:8      | Gained mutation: Your mind is acute. (Int +4, Str/Dex -1)
                  | [potion of mutation]
  6303 | D:8      | 6303 ||| DRINKING potion of mutation.
  6303 | D:8      | Lost mutation: Potions are less effective at restoring your
                  | health. [potion of mutation]
  6303 | D:8      | Lost mutation: Your mind is acute. (Int +4, Str/Dex -1)
                  | [potion of mutation]
  6303 | D:8      | Gained mutation: Your magical capacity is low. (-10% MP)
                  | [potion of mutation]
  6304 | D:8      | 6304 ||| DRINKING 2 fuming coppery potions.
  6368 | D:9      | Reached skill level 12 in Ranged Weapons
  6413 | D:9      | Found the +8 Vampire's Tooth {megavamp}
  6429 | D:9      | Noticed Grum
  6430 | D:9      | 6430 ||| INVOKING Heroism.
  6439 | D:9      | Killed Grum
  6509 | D:9      | 6509 ||| Stepping ~*~*~tactically~*~*~ (outnumbered).
  6545 | D:9      | Reached *** piety under Okawaru
  6557 | D:9      | Found a hide-covered altar of Uskayaw.
  6575 | D:9      | Reached skill level 13 in Ranged Weapons
  6693 | D:9      | 6693 ||| Stepping ~*~*~tactically~*~*~ (outnumbered).
  6739 | D:9      | 6739 ||| INVOKING Heroism.
  6744 | D:9      | Reached skill level 9 in Fighting
  6749 | D:9      | Reached XP level 11. HP: 71/71 MP: 10/12
  6802 | D:9      | 6802 ||| DROPPING ring of flight.
  6803 | D:9      | 6803 ||| DRINKING 2 smoky emerald potions.
  6804 | D:9      | 6804 ||| READING 3 scrolls of identify.
  6804 | D:9      | 6804 ||| IDENTIFYING silvery potion
  6805 | D:9      | 6805 ||| READING 2 scrolls of identify.
  6805 | D:9      | 6805 ||| IDENTIFYING yellow potion
  6806 | D:9      | 6806 ||| DROPPING potion of invisibility.
  6847 | D:9      | Noticed Psyche
  6848 | D:9      | 6848 ||| INVOKING Heroism.
  6852 | D:9      | Killed Psyche
  6995 | D:9      | Reached **** piety under Okawaru
  7336 | D:10     | Entered Level 10 of the Dungeon
  7338 | D:10     | Noticed a two-headed ogre
  7339 | D:10     | 7339 ||| INVOKING Heroism.
  7347 | D:10     | Killed a two-headed ogre
  7348 | D:10     | Reached skill level 14 in Ranged Weapons
  7449 | D:10     | 7449 ||| INVOKING Heroism.
  7568 | D:10     | 7568 ||| Stepping ~*~*~tactically~*~*~ (outnumbered).
  7570 | D:10     | 7570 ||| Stepping ~*~*~tactically~*~*~ (outnumbered).
  7828 | D:10     | Noticed a two-headed ogre
  7829 | D:10     | 7829 ||| INVOKING Heroism.
  7834 | D:10     | Killed a two-headed ogre
  7906 | D:10     | 7906 ||| INVOKING Heroism.
  7907 | D:10     | 7907 ||| Stepping ~*~*~tactically~*~*~ (outnumbered).
  7996 | D:10     | Found a staircase to the Lair.
  8040 | D:10     | Found a shadowy altar of Dithmenos.
  8101 | D:10     | 8101 ||| INVOKING Heroism.
  8189 | D:10     | 8189 ||| PLANNING LAIR
  8189 | D:10     | 8189 ||| INVOKING Heroism.
  8314 | D:10     | 8314 ||| READING scroll labelled ZEOSTI VIDAC.
  8319 | Lair:1   | Entered Level 1 of the Lair of Beasts
  8367 | Lair:1   | 8367 ||| INVOKING Heroism.
  8601 | Lair:1   | Identified the +2 robe of the Gusle {rC+++ rN+ Dex-2}
  8605 | Lair:1   | 8605 ||| INVOKING Heroism.
  8811 | Lair:1   | Reached skill level 6 in Invocations
  9098 | Lair:1   | 9098 ||| UPGRADING to +2 robe of the Gusle {rC+++ rN+
                  | Dex-2}.
  9157 | Lair:2   | Noticed a skyshark
  9172 | Lair:2   | Killed a skyshark
  9173 | Lair:2   | Reached XP level 12. HP: 60/77 MP: 13/15
  9200 | Lair:2   | 9200 ||| FLEEEEING.
  9201 | Lair:2   | 9201 ||| FLEEEEING.
  9202 | Lair:2   | 9202 ||| FLEEEEING.
  9324 | Lair:2   | Noticed a six-headed hydra
  9325 | Lair:2   | 9325 ||| INVOKING Heroism.
  9329 | Lair:2   | Killed a six-headed hydra
  9344 | Lair:2   | Reached ***** piety under Okawaru
  9370 | Lair:2   | 9370 ||| UPGRADING to +0 helmet.
  9375 | Lair:2   | 9375 ||| INVOKING Heroism.
  9398 | Lair:2   | 9398 ||| INVOKING Heroism.
  9726 | Lair:2   | Noticed a six-headed hydra
  9727 | Lair:2   | 9727 ||| INVOKING Heroism.
  9731 | Lair:2   | Killed a six-headed hydra
  9732 | Lair:2   | Reached skill level 15 in Ranged Weapons
  9994 | Lair:2   | Identified the +0 kite shield "Baeklorch" {rElec rF- Str+7
                  | Stlth+} (Okawaru gifted it to you on level 2 of the Lair of
                  | Beasts)
  9994 | Lair:2   | Received a gift from Okawaru
 10294 | Lair:3   | Found a staircase to the Shoals.
 10505 | Lair:3   | 10505 ||| INVOKING Heroism.
 10532 | Lair:3   | Reached skill level 6 in Dodging
 10532 | Lair:3   | Reached skill level 9 in Invocations
 10551 | Lair:3   | 10551 ||| INVOKING Heroism.
 10675 | Lair:3   | 10675 ||| INVOKING Heroism.
 10830 | Lair:3   | 10830 ||| READING 2 scrolls of identify.
 10830 | Lair:3   | 10830 ||| IDENTIFYING fuming green potion
 10831 | Lair:3   | 10831 ||| DROPPING potion of berserk rage.
 10937 | Lair:3   | Found a staircase to the Snake Pit.
 10972 | Lair:3   | 10972 ||| INVOKING Heroism.
 10974 | Lair:3   | 10974 ||| Stepping ~*~*~tactically~*~*~ (outnumbered).
 10987 | Lair:3   | Reached XP level 13. HP: 82/82 MP: 16/18
 11040 | Lair:3   | 11040 ||| FLEEEEING.
 11041 | Lair:3   | 11041 ||| FLEEEEING.
 11042 | Lair:3   | 11042 ||| FLEEEEING.
 11043 | Lair:3   | 11043 ||| FLEEEEING.
 11044 | Lair:3   | 11044 ||| FLEEEEING.
 11045 | Lair:3   | 11045 ||| FLEEEEING.
 11046 | Lair:3   | 11046 ||| STAIRDANCE
 11050 | Lair:3   | 11050 ||| STAIRDANCE
 11107 | Lair:3   | 11107 ||| STAIRDANCE
 11109 | Lair:2   | 11109 ||| INVOKING Heroism.
 11129 | Lair:3   | 11129 ||| INVOKING Heroism.
 11138 | Lair:3   | Reached skill level 16 in Ranged Weapons
 11153 | Lair:3   | 11153 ||| INVOKING Heroism.
 11167 | Lair:3   | 11167 ||| FLEEEEING.
 11168 | Lair:3   | 11168 ||| FLEEEEING.
 11169 | Lair:3   | 11169 ||| FLEEEEING.
 11170 | Lair:3   | 11170 ||| FLEEEEING.
 11171 | Lair:3   | 11171 ||| FLEEEEING.
 11172 | Lair:3   | 11172 ||| FLEEEEING.
 11173 | Lair:3   | 11173 ||| STAIRDANCE
 11422 | Lair:3   | 11422 ||| INVOKING Heroism.
 11572 | Lair:3   | Identified the +5 dagger of Fundamental Breach {vamp, rCorr
                  | Str+3}
 11771 | Lair:3   | 11771 ||| DROPPING +0 steam dragon scales.
 11772 | Lair:3   | 11772 ||| DROPPING +2 robe of willpower.
 11773 | Lair:3   | 11773 ||| UPGRADING to +3 leather armour of willpower.
 11805 | Lair:4   | Found a glowing golden altar of the Shining One.
 12142 | Lair:4   | Found a viscous altar of Jiyva.
 12143 | Lair:4   | Found a staircase to the Slime Pits.
 12417 | Lair:4   | 12417 ||| READING 2 scrolls of identify.
 12417 | Lair:4   | 12417 ||| IDENTIFYING sapphire potion
 12445 | Lair:5   | Entered Level 5 of the Lair of Beasts
 12510 | Lair:5   | 12510 ||| INVOKING Heroism.
 12782 | Lair:5   | 12782 ||| INVOKING Heroism.
 12791 | Lair:5   | Reached skill level 12 in Fighting
 12819 | Lair:5   | Received a gift from Okawaru
 12981 | Lair:5   | 12981 ||| INVOKING Heroism.
 12982 | Lair:5   | 12982 ||| INVOKING Finesse.
 13038 | Lair:5   | 13038 ||| INVOKING Finesse.
 13039 | Lair:5   | 13039 ||| INVOKING Heroism.
 13392 | Lair:5   | 13392 ||| INVOKING Heroism.
 13477 | Lair:5   | 13477 ||| INVOKING Heroism.
 13484 | Lair:5   | Gained mutation: Your large and strong wings let you fly.
                  | [Gargoyle growth]
 13484 | Lair:5   | Reached XP level 14. HP: 94/94 MP: 16/19
 13529 | Lair:5   | 13529 ||| READING scroll labelled QEVOFAYNOPH.
 13898 | Lair:5   | 13898 ||| INVOKING Heroism.
 13917 | Lair:5   | HP: 13/94 [death yak (20)]
 13918 | Lair:5   | 13918 ||| READING 3 scrolls of teleportation.
 13918 | Lair:5   | HP: 4/94 [death yak (9)]
 13919 | Lair:5   | 13919 ||| DRINKING potion of heal wounds.
 13920 | Lair:5   | Slain by a death yak

Levels and vault maps discovered:
D:1:      kb_arrival_jail, layout_basic, serial_shops,
          nicolae_shop_pleasant_corner_grove, amcnicky_mini_pool_small,
          hangedman_decor_lopped
D:2:      layout_basic, shapermc_ecumenical_altar_acropolis,
          dreamdust_princess_bridge
D:3:      layout_loops_corners, xom_confusion_cloud,
          kennysheep_decorative_pillar, kennysheep_crisscross,
          uniq_crazy_yiuf_cottage, uniq_jessica
D:4:      layout_rooms, okawaru_ov_weapons_minmay,
          mainiacjoe_overflow_surrounded_room, nicolae_gozag_zags_fifth_avenue,
          demons_altar, nicolae_ossuary_entry_plus
D:5:      layout_rooms, lemuel_doored_altar, uniq_blork_the_orc
D:6:      layout_rooms, old_standard_altar, mainiacjoe_overflow_big_doors,
          temple_hall, serial_shops, shop
D:7:      layout_cave_pools, zin_statuary, gammafunk_temple_overflow_statue,
          elyvilon_altar_5, nicolae_the_louvre, uniq_joseph
D:8:      layout_basic, gammafunk_ghost_hydra_chop, serial_ice, serial_ice_h,
          serial_ice_o, serial_ice_n, serial_ice_c
D:9:      kennysheep_housing_project, layout_loops_ring,
          nicolae_uskayaw_murder_on_the_dancefloor, uniq_psyche, uniq_grum
D:10:     layout_basic, kennysheep_little_box, david_lair_shrubbed, minivault_4,
          hangedman_abyss_or_decor_stagger
Lair:1:   layout_regular_city
Lair:2:   layout_regular_city, grunt_megastairs_2
Lair:3:   nzn_winding_woodlands_stair_cross [nzn_winding_woodlands_5x15_cabin,
          nzn_winding_woodlands_center_triple_pond,
          nzn_winding_woodlands_5x15_pockets,
          nzn_winding_woodlands_5x5_closed_star,
          nzn_winding_woodlands_hourglass,
          nzn_winding_woodlands_5x15_pathside_ponds,
          nzn_winding_woodlands_center_diamonds,
          nzn_winding_woodlands_5x15_sawtooth], layout_loops_ring,
          shoals_dummy_entry, dummy_snake_entry, serial_bayou_lagoon_b
Lair:4:   layout_gridlike, slime_entry_1, basic_altar
Lair:5:   grunt_lair_end_beastmaster, layout_cellular_growth, lemuel_fruit_tree

Skill      XL: |  1  2  3  4  5  6  7  8  9 10 11 12 13 |
---------------+----------------------------------------+-----
Ranged Weapons | 5 6 7 8 9 11 13 14 15 16 | 16.0
Fighting       | 3 4 5 6 7 9 10 13 | 13.0
Armour         | 1 2 3 4 |  4.2
Dodging        | 2 4 5 6 8 |  8.9
Invocations    | 4 6 10 | 10.0
Stealth        | |  1.1

Action                     |  1- 3 |  4- 6 |  7- 9 | 10-12 | 13-15 || total
---------------------------+-------+-------+-------+-------+-------++-------
   Fire: Shortbow          |    98 |   202 |   220 |       |       ||   520
         Orcbow            |       |       |    49 |   702 |   396 ||  1147
 Invoke: Heroism           |       |       |    10 |    23 |    11 ||    44
         Finesse           |       |       |       |       |     2 ||     2
    Use: Scroll            |     1 |     6 |     5 |     6 |     3 ||    21
         Potion            |     1 |     1 |       |     4 |     1 ||     7
 Armour: Leather armour    |     7 |    23 |       |       |    49 ||    79
         Ring mail         |       |    53 |    86 |    43 |       ||   182
         Robe              |       |       |       |    60 |    20 ||    80
  Dodge: Dodged            |    16 |    90 |   103 |   226 |   159 ||   594
  Block: Other             |       |       |    13 |    62 |    43 ||   118
         Reflection        |       |       |     2 |     3 |       ||     5

Table legend:
 A = Non-vault XP
 B = Vault XP
 C = Vault XP percentage of total XP
 D = Non-vault monster count
 E = Vault monster count
 F = Vault count percentage of total count
                 A         B        C        D         E       F
            +---------+---------+-------+---------+---------+-------
      Total |   41877 |   15775 |  27.4 |     352 |      88 |  20.0
            +---------+---------+-------+---------+---------+-------
        D:1 |      45 |       0 |   0.0 |      28 |       0 |   0.0
        D:2 |      88 |      32 |  26.7 |      21 |       6 |  22.2
        D:3 |      93 |      46 |  33.1 |      27 |       5 |  15.6
        D:4 |     523 |       0 |   0.0 |      27 |       0 |   0.0
        D:5 |     723 |      94 |  11.5 |      15 |       1 |   6.2
        D:6 |    1199 |       0 |   0.0 |      23 |       0 |   0.0
        D:7 |    1298 |     430 |  24.9 |      24 |       1 |   4.0
        D:8 |     886 |     719 |  44.8 |      25 |       5 |  16.7
        D:9 |    2899 |    1932 |  40.0 |      30 |      35 |  53.8
       D:10 |    3228 |     389 |  10.8 |      25 |       1 |   3.8
     Lair:1 |    3294 |       0 |   0.0 |      18 |       0 |   0.0
     Lair:2 |    4952 |    1572 |  24.1 |      15 |       9 |  37.5
     Lair:3 |    7792 |    8205 |  51.3 |      33 |      20 |  37.7
     Lair:4 |    1924 |       0 |   0.0 |      10 |       0 |   0.0
     Lair:5 |   12933 |    2356 |  15.4 |      31 |       5 |  13.9
            +---------+---------+-------+---------+---------+-------
